 Dungeon Crawl Stone Soup version 0.29-a0-664-gff9cad4a3d (webtiles) character file.

Game seed: 1675632243716683604

1605 Sobieck the Archer (level 8, 0/66 HPs)
             Began as a Tengu Hunter on June 22, 2022.
             Was a Follower of Fedhas.
             Succumbed to a kobold brigand's curare-tipped dart
             ... on level 7 of the Dungeon.
             The game lasted 00:16:40 (5501 turns).

Sobieck the Archer (Tengu Hunter)                   Turns: 5501, Time: 00:16:41

Health: 0/66       AC: 24    Str: 11    XL:     8   Next: 94%
Magic:  9/9        EV:  2    Int:  9    God:    Fedhas [*.....]
Gold:   284        SH:  0    Dex: 21    Spells: 7/7 levels left

rFire   . . .      SeeInvis .   a - +2 shortbow {bow}
rCold   . . .      Faith    .   (shield currently unavailable)
rNeg    . . .      Spirit   .   (body armour currently unavailable)
rPois   +          Reflect  .   (helmet currently unavailable)
rElec   .          Harm     .   (cloak currently unavailable)
rCorr   .          Rampage  .   (gloves currently unavailable)
Will    .....      NoTele   +   (boots unavailable)
Stlth   ++........              j - amulet of the acrobat
HPRegen 0.21/turn               (no ring)
MPRegen 0.11/turn               (no ring)

@: lethally poisoned (0 -> -7), tree-form, acrobatic, slowed, very slow
A: stationary, stasis, torment immunity, boosted hp, (beak), (talons 3), nimble
flight
a: Renounce Religion


You were on level 7 of the Dungeon.
You worshipped Fedhas.
Fedhas was aware of your devotion.
You were a tree.
You visited 2 branches of the dungeon, and saw 8 of its levels.
You also visited: Bailey.

You collected 284 gold pieces.


Innate Abilities, Weirdness & Mutations

You are a tree.
Your roots penetrate the ground, keeping you stationary.
You cannot be teleported.
You are immune to unholy pain and torment.
Your maximum health is greatly increased.
Your equipment is partially melded.
((You have a beak for a mouth.))
((You have claws for feet.))
Your magical nature lets you fly swiftly and evasively.


   Skills:
 - Level 2.0 Fighting
 + Level 12.6 Bows
 - Level 2.1 Dodging
 - Level 1.0 Stealth


You had 7 spell levels left.
You didn't know any spells.
Your spell library contained the following spells:

 Spells                   Type           Power      Damage    Failure   Level
 Freeze                   Ice            0%         1d3       38%         1
 Frozen Ramparts          Ice            0%         1d2       77%         3
 Ignite Poison            Fire/Tmut/Pois 0%         N/A       77%         3
 Mephitic Cloud           Conj/Pois/Air  0%         N/A       77%         3
 Fulminant Prism          Conj/Hex       0%         3d6       99%         4
 Hailstorm                Conj/Ice       0%         3d3       99%         4
 Iskenderun's Mystic Bla  Conj/Tloc      0%         2d3       99%         4
 Freezing Cloud           Conj/Ice/Air   0%         6-21      100%        5
 Lee's Rapid Deconstruct  Erth           0%         3d5*      100%        5

Inventory:

Hand Weapons
 a - a +2 shortbow (weapon) {bow}
 g - a +2 spear of freezing {polearm}
   (You found it on level 1 of the Dungeon)
 A - a +1 dagger of holy wrath {short}
   (You took it off a goblin on level 3 of the Dungeon)
 M - a +3 trident of venom {polearm}
   (You took it off a gnoll sergeant on level 4 of the Dungeon)
Missiles
 i - 31 stones {throwing}
 p - 7 javelins {throwing}
 u - 13 boomerangs {throwing}
 y - 17 poisoned darts {throwing}
Armour
 b - a +0 leather armour (melded)
 d - a +0 ring mail
   (You found it on level 1 of the Dungeon)
 e - a +0 leather armour
   (You found it on level 7 of the Dungeon)
 k - a +0 scale mail
   (You found it on level 1 of the Dungeon)
 m - a +0 ring mail
   (You found it on level 1 of the Dungeon)
 n - a +0 chain mail
   (You found it on level 2 of the Dungeon)
 o - a +0 ring mail
   (You found it on level 2 of the Dungeon)
 r - a +0 chain mail
   (You found it on level 2 of the Dungeon)
 s - a +0 plate armour
   (You found it on level 2 of the Dungeon)
 t - a +1 pair of gloves (melded)
   (You found it on level 2 of the Dungeon)
 v - a +0 leather armour
   (You found it on level 2 of the Dungeon)
 x - a +0 leather armour
   (You took it off an orc on level 3 of the Dungeon)
 z - a +0 animal skin
   (You took it off Robin on level 3 of the Dungeon)
 B - a +0 leather armour
   (You took it off a goblin on level 3 of the Dungeon)
 C - a +0 ring mail
   (You took it off a goblin on level 3 of the Dungeon)
 G - a +0 leather armour
   (You took it off an orc on level 4 of the Dungeon)
 H - a +0 chain mail
   (You took it off an orc on level 5 of the Dungeon)
 I - a +0 leather armour
   (You took it off an orc on level 4 of the Dungeon)
 J - a scarf of repulsion (melded)
   (You found it on level 4 of the Dungeon)
 L - a +0 robe
   (You took it off an orc wizard on level 5 of the Dungeon)
 N - a +0 ring mail
   (You took it off a gnoll sergeant on level 4 of the Dungeon)
 O - a +0 ring mail
   (You found it on level 5 of the Dungeon)
 P - a +0 leather armour
   (You took it off an orc on level 5 of the Dungeon)
 R - a +0 scale mail
   (You found it on level 5 of the Dungeon)
Jewellery
 j - an amulet of the acrobat (around neck)
   (You found it on level 4 of the Dungeon)
 F - a ring of fire
   (You found it on level 3 of the Dungeon)
Wands
 K - a wand of flame (22)
   (You took it off a kobold on level 4 of the Dungeon)
Scrolls
 c - 4 scrolls of immolation {!r!r}
 f - 2 scrolls of enchant weapon
 q - 2 scrolls of teleportation {@r4}
 E - 2 scrolls of vulnerability {!r!r}
Potions
 l - 2 potions of might
 w - a potion of mutation {!q}
 D - a potion of brilliance

Dungeon Overview and Level Annotations

Branches:
Dungeon (7/15) Zot: 26715  Temple (1/1) D:4 Zot: 5737  Bailey (visited)

Altars:
Ashenzari
Cheibriados
Dithmenos
Elyvilon
Fedhas
Kikubaaqudgha
Makhleb
Okawaru
Qazlal
Ru
Sif Muna
Trog
Uskayaw
Vehumet
Wu Jian
Xom
Yredelemnul
Zin
The Shining One

Portals:
Abyss: D:3

Annotations:
D:3 2 transporters, 1 runed translucent door, Crazy Yiuf; ytrimaz's ghost, amateur OpTm
D:6 Grinder

.......# . .#........##
......## .## ..........###
....##.##..# ≈≈≈........#
..........# . ####≈≈.........
..........##. #>.#≈≈........#
............. ≈#..'≈≈.........
..........# #.≈#..'≈≈........#
#........## #.≈#..'≈≈.........
.........####.≈#♣.#≈≈........#
............#.≈####≈≈)........
..............≈≈≈≈≈≈≈........#
.#.#..#.............†.........
......#..........###......$.##
.#.#.##...).................#
.....##.......................
..#####...÷..............$.###
..# #.............#.......#


There were no monsters in sight!


Message History

You shoot an arrow.
The arrow hits the kobold but does no damage.
No target in view!
No target in view!
A kobold brigand comes into view.
It is wielding a +0 war axe and quivering curare-tipped darts.
The kobold brigand shouts!
You hear a shout!
Danger!
You shoot an arrow. The arrow hits the kobold!
You kill the kobold!
Fedhas appreciates your contribution to the ecosystem.
You hear a splash.
You shoot an arrow.
The arrow hits the kobold brigand but does no damage.
You shoot an arrow. The arrow hits the kobold brigand.
You shoot an arrow. The arrow hits the kobold brigand!
A kobold comes into view. x2
You shoot an arrow. The kobold shouts! x2
The arrow hits the kobold brigand!
You hear a shout!
You shoot an arrow. The arrow hits the kobold!
You kill the kobold!
Fedhas appreciates your contribution to the ecosystem.
You hear a splash.
You shoot an arrow.
The arrow hits the kobold brigand but does no damage.
You shoot an arrow. The arrow hits the kobold brigand!
You kill the kobold brigand!
Fedhas appreciates your contribution to the ecosystem.
A kobold brigand comes into view.
It is wielding a +0 war axe and quivering curare-tipped darts.
You shoot an arrow. The arrow hits the kobold!
You kill the kobold!
Fedhas appreciates your contribution to the ecosystem.
You hear a splash.
You shoot an arrow. The arrow hits the kobold brigand.
You shoot an arrow.
The arrow hits the kobold brigand but does no damage.
You shoot an arrow. The arrow hits the kobold brigand!
A kobold comes into view.
You shoot an arrow. The kobold shouts!
The arrow hits the kobold brigand but does no damage.
You hear a shout!
A kobold comes into view.
The kobold throws a boomerang.
The boomerang closely misses you.
You shoot an arrow.
The arrow barely misses the kobold brigand.
The kobold shouts!
The kobold brigand throws a curare-tipped dart.
The curare-tipped dart hits you.
You are poisoned.
You have difficulty breathing.
You feel yourself slow down.
A kobold comes into view.
You feel very sick.
The kobold throws a boomerang.
The boomerang misses you.
You feel very sick.
The kobold throws a boomerang.
The boomerang misses you.
There is an open gate here.
You feel sick.
The kobold throws a boomerang.
The boomerang completely misses you.
The kobold brigand throws a curare-tipped dart.
The curare-tipped dart hits you.
You are more poisoned.
You have difficulty breathing.
* * * LOW HITPOINT WARNING * * *
You feel as though you will be slow longer.
There is a gate leading back out of this place here.
Shoot: a) +2 shortbow {bow}
Press: ? - help, Q - select action, (/) - cycle Shift-Dir - straight line, f/p - kobold brigand
Aim: a kobold brigand, wielding a +0 war axe and quivering curare-tipped darts (heavily wounded, 65% to hit)
You shoot an arrow.
The arrow barely misses the kobold brigand.
* * * LOW HITPOINT WARNING * * *
You feel extremely sick.
Unknown command.
* * * LOW HITPOINT WARNING * * *
You feel very sick.
Welcome back to the Dungeon!
* * * LOW HITPOINT WARNING * * *
You feel very sick.
There is an empty arch of ancient stone here.
Unknown command.
Really quaff
h - a potion of lignification {!q}?
Really quaff the potion of lignification?
You turn into a tree.
Your scarf of repulsion melds into your body.
Your +1 pair of gloves melds into your body.
Your +0 leather armour melds into your body.
The haze of the repulsion field disappears.
Your roots penetrate the ground.
* * * LOW HITPOINT WARNING * * *
You feel very sick.
Unknown command.
There is a lethal amount of poison in your body!
Unknown command.
Okay, then.
Unknown command.
You die...
Fedhas appreciates your contribution to the ecosystem.

Skill      XL: |  1  2  3  4  5  6  7  8 |
---------------+-------------------------+-----
Bows           | 5 6 7 9 10 12 | 12.6
Fighting       | |  2.0
Dodging        | |  2.1
Stealth        | |  1.0

Action                   |  1- 3 |  4- 6 |  7- 9 || total
-------------------------+-------+-------+-------++-------
 Fire: Shortbow          |    69 |   177 |   218 ||   464
Throw: Dart              |       |       |     3 ||     3
  Use: Scroll            |       |     7 |     8 ||    15
       Potion            |       |       |     3 ||     3
Armor: Leather armour    |     8 |    11 |     9 ||    28
Dodge: Dodged            |    17 |    48 |    58 ||   123

Levels and vault maps discovered:
D:1:      mushboom_english_gardens, layout_loops_ring,
          ebering_ecumenical_altar_hall
D:2:      layout_basic, minivault_26, minmay_misc_feat_alley
D:3:      layout_rooms, gammafunk_ghost_abyssal_escape, uniq_robin,
          uniq_crazy_yiuf_cottage
D:4:      kennysheep_big_flooded_room, layout_rooms,
          minmay_temple_entry_offerings, nicolae_ossuary_entry_catacombs
D:5:      layout_rooms, gammafunk_temple_overflow_pools
D:6:      layout_rooms, gammafunk_ghost_nasty_kobolds, minmay_tree_intersection,
          uniq_grinder
D:7:      layout_cave_pools, enter_bailey_4, serial_glass, glass_columns_a,
          glass_columns_b, st_stairs_11, serial_bayou_lagoon_a, uniq_duvessa
Temple:   mainiacjoe_temple_cubbyholes

Notes
Turn   | Place    | Note
-------+----------+-------------------------------------------
     0 | D:1      | Sobieck the Tengu Hunter began the quest for the Orb.
     0 | D:1      | Reached XP level 1. HP: 12/12 MP: 2/2
   120 | D:1      | Reached XP level 2. HP: 17/17 MP: 3/3
   133 | D:1      | Reached skill level 5 in Bows
   192 | D:1      | You pick up a book of Frost and begin reading...
   192 | D:1      | You add the spells Freeze, Frozen Ramparts and Hailstorm to
                  | your library.
   377 | D:1      | Found a faded altar of an unknown god.
   740 | D:2      | Reached XP level 3. HP: 21/21 MP: 4/4
  1125 | D:2      | Reached skill level 6 in Bows
  1125 | D:2      | Reached XP level 4. HP: 25/26 MP: 5/5
  1390 | D:3      | Identified the +3 helmet of Dramatic Exits {rElec rPois
                  | Str+3 Dex+4}
  1390 | D:3      | Noticed Robin
  1405 | D:3      | Killed Robin
  1528 | D:3      | Found a transporter.
  1843 | D:3      | Found a transporter.
  1900 | D:3      | Reached skill level 7 in Bows
  1900 | D:3      | Gained mutation: Your magical nature lets you fly swiftly
                  | and evasively. [Tengu growth]
  1900 | D:3      | Reached XP level 5. HP: 23/30 MP: 6/6
  2054 | D:3      | Found a runed translucent door.
  2055 | D:3      | Noticed Crazy Yiuf
  2110 | D:3      | Noticed a kobold brigand
  2115 | D:3      | Found a one-way gate to the infinite horrors of the Abyss.
  2115 | D:3      | Noticed ytrimaz's ghost (amateur OpTm)
  2229 | D:4      | Noticed a phantom
  2256 | D:3      | Killed a phantom
  2482 | D:4      | Reached XP level 6. HP: 24/35 MP: 7/7
  2630 | D:4      | Reached skill level 8 in Bows
  3121 | D:4      | Reached skill level 9 in Bows
  3121 | D:4      | Reached XP level 7. HP: 33/40 MP: 8/8
  3475 | D:4      | Found a staircase to the Ecumenical Temple.
  3483 | D:4      | You add the spells Ignite Poison, Mephitic Cloud and
                  | Freezing Cloud to your library.
  3489 | Temple   | Entered the Ecumenical Temple
  3741 | Temple   | Became a worshipper of Fedhas Madash
  4379 | D:5      | Entered Level 5 of the Dungeon
  4404 | D:5      | Reached skill level 10 in Bows
  4570 | D:5      | Reached XP level 8. HP: 44/44 MP: 9/9
  4806 | D:5      | Found a stormy altar of Qazlal.
  4806 | D:5      | Found an ornate altar of the Wu Jian Council.
  4820 | D:5      | You pick up a book of Blasting and begin reading...
  4820 | D:5      | You add the spells Fulminant Prism, Iskenderun's Mystic
                  | Blast and Lee's Rapid Deconstruction to your library.
  4869 | D:5      | Reached skill level 11 in Bows
  5160 | D:6      | Noticed Grinder
  5237 | D:7      | Reached * piety under Fedhas
  5250 | D:7      | Noticed a wyvern
  5259 | D:7      | Killed a wyvern
  5260 | D:7      | Reached skill level 12 in Bows
  5287 | D:7      | HP: 9/44 [something (6)]
  5433 | D:7      | Found a flagged portal.
  5464 | Bailey   | Entered a bailey
  5498 | Bailey   | HP: 6/44 [poisoned by a kobold brigand (curare-tipped
                  | dart)]
  5501 | D:7      | Succumbed to a kobold brigand's curare-tipped dart

Vanquished Creatures
  A wyvern (D:7)
  A sky beast (D:7)
  A phantom (D:3)
  A centaur (D:7)
  A kobold brigand (Bailey)
  A bullfrog (D:7)
  A gnoll sergeant (D:4)
  An elf skeleton (D:4)
  5 scorpions
  A wight (D:7)
  2 hounds
  A human zombie (D:4)
  2 orc priests (D:5)
  3 human skeletons (D:4)
  4 iguanas
  An orc wizard (D:5)
  Robin (D:3)
  3 gnolls (D:4)
  9 adders
  3 shadow imps
  A white imp (D:7)
  4 dart slugs
  12 orcs
  4 endoplasms
  8 giant cockroaches
  13 goblins
  5 hobgoblins
  2 jackals (D:3)
  16 kobolds
  5 quokkas
  8 ball pythons
  5 bats
  2 frilled lizards (D:1)
  An orc skeleton (D:4)
  4 rats
133 creatures vanquished.

Vanquished Creatures (others)
  45 plants (D:7)
45 creatures vanquished.

Grand Total: 178 creatures vanquished

Table legend:
 A = Non-vault XP
 B = Vault XP
 C = Vault XP percentage of total XP
 D = Non-vault monster count
 E = Vault monster count
 F = Vault count percentage of total count
                 A         B        C        D         E       F
            +---------+---------+-------+---------+---------+-------
      Total |    1882 |     411 |  17.9 |     102 |      31 |  23.3
            +---------+---------+-------+---------+---------+-------
        D:1 |      27 |       0 |   0.0 |      17 |       0 |   0.0
        D:2 |      61 |       0 |   0.0 |      13 |       0 |   0.0
        D:3 |     186 |      50 |  21.2 |      19 |      13 |  40.6
        D:4 |     411 |     245 |  37.3 |      26 |       7 |  21.2
        D:5 |     478 |       0 |   0.0 |      17 |       0 |   0.0
        D:6 |      15 |       0 |   0.0 |       2 |       0 |   0.0
        D:7 |     704 |      12 |   1.7 |       8 |       5 |  38.5
     Bailey |       0 |     104 | 100.0 |       0 |       6 | 100.0
            +---------+---------+-------+---------+---------+-------

Illustrated notes

Table legend:
 A = Kills in this place as a percentage of kills in entire the game.
 B = Kills by you in this place as a percentage of kills by you in the entire game.
 C = Kills by friends in this place as a percentage of kills by friends in the entire game.
 D = Other kills in this place as a percentage of other kills in the entire game.
 E = Experience gained in this place as a percentage of experience gained in the entire game.
 F = Experience gained in this place divided by the number of levels of this place that you have seen.
                   A       B       C       D       E      F
               +-------+-------+-------+-------+-------+----------------------
         Total | 100.0 | 100.0 |   N/A |   N/A | 100.0 | 254.8
       Dungeon |  95.5 |  95.5 |   N/A |   N/A |  95.5 | 312.7
        Bailey |   4.5 |   4.5 |   N/A |   N/A |   4.5 | 104.0
               +-------+-------+-------+-------+-------+----------------------

Table legend: (Time is in decaauts)
 A = Elapsed time spent in this place.
 B = Non-inter-level travel time spent in this place.
 C = Inter-level travel time spent in this place.
 D = Time resting spent in this place.
 E = Time spent auto-exploring this place.
 F = Levels seen in this place.
 G = Mean time per level.
                   A        B        C        D        E       F      G
               +--------+--------+--------+--------+--------+-----+--------+
         Total |   5373 |   5145 |    228 |    477 |   3429 |   9 |  597.0 |
       Dungeon |   5076 |   4880 |    196 |    477 |   3206 |   7 |  725.1 |
        Temple |    262 |    230 |     32 |      0 |    222 |   1 |  262.0 |
        Bailey |     34 |     34 |      0 |      0 |      0 |   1 |   34.0 |
               +--------+--------+--------+--------+--------+-----+--------+

Top non-repeatable levels by time:
     D:4: 1567 daAuts
     D:3: 1212 daAuts
     D:1: 751 daAuts
     D:5: 668 daAuts
     D:2: 573 daAuts
     D:7: 284 daAuts
  Temple: 262 daAuts
  Bailey: 34 daAuts
     D:6: 18 daAuts
